AoeStats
← Erectus Rogan?

Arena

509739913Analyzed
1v1 RM · 5d ago on Sep 27, 2026· 23m 7s· 2 players
Game mode
Random Map
Map size
Tiny (2 player)
Population
200
Speed
Normal
Resources
Standard
Victory
Conquest
Starting age
Dark Age
Ending age
Imperial Age
RankedLock teamsTeams togetherTeam positionsShared explorationLock speedFull tech treeHidden civsTurbo modeCheats
Victory
Defeat
🇩🇪 Cumans · Germany
1158
+18
🇩🇪 Varangians · Germany
1193
-47
Auf die Schnauze!
11:03 Feudal Age
12:02 Double-Bit Axe
12:09 Gold Mining
12:07 Man-at-Arms
18:12 Forging
22:17 Scale Mail Armor
Erectus Rogan?
10:03 Feudal Age
9:45 Loom
13:52 Castle Age
11:44 Double-Bit Axe
12:14 Horse Collar
15:26 Bow Saw
16:15 Heavy Plow
Connection lost

Rejoining the realm…

Still unreachable

The connection could not be restored.

Session expired

The server has moved on; the page needs a fresh start.